TOP OF THE 1ST |
Newark Bulldogs batting - Pitching for Wilmington Rebels : RHP Thomas Dent
|
Pitching: RHP Thomas Dent
|
|
Batting: LHB Gerardo Guzmán
|
0-0: Called Strike 0-1: Foul Ball, location: 2F 0-2: Foul Ball, location: 2F 0-2: Ball 1-2: Ball 2-2: Foul Ball, location: 2F 2-2: Ball 3-2: Base on Balls
|
Batting: RHB Wilson Flores
|
0-0: Ball 1-0: Swinging Strike 1-1: Ball 2-1: Called Strike 2-2: Strikes out looking
|
Batting: LHB Gabriel Aragón
|
0-0: Ball 1-0: Ball 2-0: Called Strike 2-1: Ground out U3 (Groundball, 3) Gerardo Guzmán to second
|
Batting: RHB Tony Long
|
0-0: Ball Wild Pitch! Gerardo Guzmán to third 1-0: Ball 2-0: Called Strike 2-1: Called Strike 2-2: Ball 3-2: Foul Ball, location: 2F 3-2: Base on Balls
|
Batting: LHB Wes Stone
|
0-0: SINGLE (Groundball, 4MD) Gerardo Guzmán scores Tony Long to second
|
Batting: RHB Norris Howard
|
0-0: Ball 1-0: Ball 2-0: Ball 3-0: Called Strike 3-1: Foul Ball, location: 2F 3-2: Base on Balls Tony Long to third Wes Stone to second
|
Batting: LHB Wes Thompson
|
0-0: Called Strike 0-1: Ball 1-1: SINGLE (Groundball, 6) (infield hit) Tony Long scores Wes Stone to third Norris Howard to second
|
Batting: RHB Joe Baker
|
0-0: Swinging Strike 0-1: Called Strike 0-2: Ball 1-2: Strikes out looking
|
Top of the 1st over - 2 run(s), 2 hit(s), 0 error(s), 3 left on base; Newark 2 - Wilmington 0 |
BOTTOM OF THE 1ST |
Wilmington Rebels batting - Pitching for Newark Bulldogs : RHP Ben Larsen
|
Pitching: RHP Ben Larsen
|
|
Batting: LHB Larry Smith
|
0-0: Bunt for hit - play at first, batter safe!
|
Batting: LHB Mario Álvarez
|
0-0: Ball 1-0: Called Strike 1-1: Foul Ball, location: 2F 1-2: Ball 2-2: Strikes out looking
|
Batting: RHB Remi Eruzione
|
0-0: Ball 1-0: Called Strike 1-1: Swinging Strike 1-2: Ball 2-2: SINGLE (Flyball, 8RM) Larry Smith to second Larry Smith to third
|
Batting: RHB Eugene Allen
|
0-0: Ball Remi Eruzione is caught stealing 2nd base 1-0: Called Strike 1-1: Fly out, F9 (Flyball, 9LM)
|
Bottom of the 1st over - 0 run(s), 2 hit(s), 0 error(s), 1 left on base; Newark 2 - Wilmington 0 |
TOP OF THE 2ND |
Newark Bulldogs batting - Pitching for Wilmington Rebels : RHP Thomas Dent
|
Batting: RHB Stan Simpson
|
0-0: Foul Ball, location: 2F 0-1: Swinging Strike 0-2: Strikes out swinging
|
Batting: LHB Gerardo Guzmán
|
0-0: SINGLE (Flyball, 89S)
|
Batting: RHB Wilson Flores
|
0-0: Foul Ball, location: 2F 0-1: Foul Ball, location: 2F 0-2: Ball 1-2: Ground out 5-3 (Groundball, 56S) Gerardo Guzmán to second
|
Batting: LHB Gabriel Aragón
|
0-0: Foul Ball, location: 2F 0-1: SINGLE (Groundball, 6MD) Gerardo Guzmán to third Runner from 3rd tries for Home, SAFE, no throw
|
Batting: RHB Tony Long
|
0-0: Called Strike 0-1: Ball 1-1: Ball 2-1: Swinging Strike 2-2: Fielders Choice at 2nd, 5-4 (Groundball, 56)
|
Top of the 2nd over - 1 run(s), 2 hit(s), 0 error(s), 0 left on base; Newark 3 - Wilmington 0 |
BOTTOM OF THE 2ND |
Wilmington Rebels batting - Pitching for Newark Bulldogs : RHP Ben Larsen
|
Batting: RHB Al Reese
|
0-0: SINGLE (Groundball, 34D)
|
Batting: RHB Juan Jose Mendoza
|
0-0: Called Strike 0-1: Ball 1-1: Ball 2-1: SINGLE (Groundball, 56D) Al Reese to second
|
Batting: RHB Sergio Moreno
|
0-0: Called Strike 0-1: Ball 1-1: Ball 2-1: Called Strike 2-2: Ball Wild Pitch! Al Reese to third Juan Jose Mendoza to second 3-2: Foul Ball, location: 2F 3-2: Base on Balls
|
Batting: RHB Henry Dawson
|
0-0: Ball 1-0: Fly out, F8 (Flyball, 8LS)
|
Batting: RHB Andrew Deal
|
0-0: Called Strike 0-1: Ball 1-1: DOUBLE (Line Drive, 7LM) Al Reese scores Juan Jose Mendoza scores Sergio Moreno to third
|
Batting: LHB Larry Smith
|
0-0: Foul Ball, location: 2F 0-1: Foul Ball, location: 2F 0-2: Ball 1-2: Foul Ball, location: 2F 1-2: Fly out, F8 (Line Drive, 8LM) Runner from 3rd tags up, SCORES, throw made
|
Batting: LHB Mario Álvarez
|
0-0: DOUBLE (Line Drive, 3D) Andrew Deal scores
|
Batting: RHB Remi Eruzione
|
0-0: Ball 1-0: Ground out 5-3 (Groundball, 5)
|
Bottom of the 2nd over - 4 run(s), 4 hit(s), 0 error(s), 1 left on base; Newark 3 - Wilmington 4 |
TOP OF THE 3RD |
Newark Bulldogs batting - Pitching for Wilmington Rebels : RHP Thomas Dent
|
Batting: LHB Wes Stone
|
0-0: Ball 1-0: Swinging Strike 1-1: Foul Ball, location: 2F 1-2: Fly out, F7 (Flyball, 7LS)
|
Batting: RHB Norris Howard
|
0-0: Foul Ball, location: 2F 0-1: Foul Ball, location: 2F 0-2: SINGLE (Flyball, 78S)
|
Batting: LHB Wes Thompson
|
0-0: Ball 1-0: Ball 2-0: Foul Ball, location: 2F 2-1: Ball 3-1: Base on Balls Norris Howard to second
|
Batting: RHB Joe Baker
|
0-0: Ball 1-0: Foul Ball, location: 2F 1-1: Ball 2-1: Foul Ball, location: 2F 2-2: Strikes out swinging
|
Batting: RHB Stan Simpson
|
0-0: Ball 1-0: Called Strike 1-1: Swinging Strike 1-2: Strikes out swinging
|
Top of the 3rd over - 0 run(s), 1 hit(s), 0 error(s), 2 left on base; Newark 3 - Wilmington 4 |
BOTTOM OF THE 3RD |
Wilmington Rebels batting - Pitching for Newark Bulldogs : RHP Ben Larsen
|
Batting: RHB Eugene Allen
|
0-0: Ball 1-0: Fly out, F4 (Popup, 34)
|
Batting: RHB Al Reese
|
0-0: Called Strike 0-1: Called Strike 0-2: Ball 1-2: Ground out 6-3 (Groundball, 6)
|
Batting: RHB Juan Jose Mendoza
|
0-0: Ball 1-0: Ball 2-0: SINGLE (Line Drive, 8LS)
|
Batting: RHB Sergio Moreno
|
0-0: Called Strike 0-1: Ball 1-1: Ball 2-1: Ball 3-1: Base on Balls Juan Jose Mendoza to second
|
Batting: RHB Henry Dawson
|
0-0: Ball 1-0: Fly out, F4 (Popup, 4S)
|
Bottom of the 3rd over - 0 run(s), 1 hit(s), 0 error(s), 2 left on base; Newark 3 - Wilmington 4 |
TOP OF THE 4TH |
Newark Bulldogs batting - Pitching for Wilmington Rebels : RHP Thomas Dent
|
Batting: LHB Gerardo Guzmán
|
0-0: Foul Ball, location: 2F 0-1: Ball 1-1: Swinging Strike 1-2: Strikes out looking
|
Batting: RHB Wilson Flores
|
0-0: Called Strike 0-1: Ball 1-1: Foul Ball, location: 2F 1-2: Ground out 3-1 (Groundball, 34)
|
Batting: LHB Gabriel Aragón
|
0-0: Ball 1-0: Foul Ball, location: 2F 1-1: Ball 2-1: Ball 3-1: Base on Balls
|
Batting: RHB Tony Long
|
0-0: Ball 1-0: Foul Ball, location: 2F 1-1: Foul Ball, location: 2F 1-2: Ball 2-2: Foul Ball, location: 2F 2-2: Foul Ball, location: 2F 2-2: Ball 3-2: Base on Balls Gabriel Aragón to second
|
Pitching: RHP Kip Brown
|
|
Batting: LHB Wes Stone
|
0-0: Ball 1-0: Called Strike 1-1: Ball 2-1: Called Strike 2-2: Strikes out swinging
|
Top of the 4th over - 0 run(s), 0 hit(s), 0 error(s), 2 left on base; Newark 3 - Wilmington 4 |
BOTTOM OF THE 4TH |
Wilmington Rebels batting - Pitching for Newark Bulldogs : RHP Ben Larsen
|
Batting: RHB Andrew Deal
|
0-0: Called Strike 0-1: Ball 1-1: Ball 2-1: Bunt for hit - play at first, batter OUT! 3-4
|
Batting: LHB Larry Smith
|
0-0: Ball 1-0: Ball 2-0: Ball 3-0: Base on Balls
|
Batting: LHB Mario Álvarez
|
0-0: Ball 1-0: Foul Ball, location: 2F 1-1: SINGLE (Line Drive, 34) Larry Smith to second Runner from 2nd tries for 3rd, SAFE, no throw
|
Batting: RHB Remi Eruzione
|
0-0: 3-RUN HOME RUN (Flyball, 7D), Distance : 368 ft
|
Pitching: RHP Chris Johns
|
|
Batting: RHB Eugene Allen
|
0-0: Fly out, F5 (Popup, 5S)
|
Batting: RHB Al Reese
|
0-0: Swinging Strike 0-1: Swinging Strike 0-2: Ground out 6-3 (Groundball, 6)
|
Bottom of the 4th over - 3 run(s), 2 hit(s), 0 error(s), 0 left on base; Newark 3 - Wilmington 7 |
TOP OF THE 5TH |
Newark Bulldogs batting - Pitching for Wilmington Rebels : RHP Kip Brown
|
Batting: RHB Norris Howard
|
0-0: Called Strike 0-1: Swinging Strike 0-2: Strikes out swinging
|
Batting: LHB Wes Thompson
|
0-0: Called Strike 0-1: DOUBLE (Line Drive, 8RXD)
|
Batting: RHB Joe Baker
|
0-0: Called Strike 0-1: Ball 1-1: Swinging Strike 1-2: Fly out, F9 (Flyball, 9S)
|
Batting: RHB Stan Simpson
|
0-0: Foul Ball, location: 2F 0-1: Ball 1-1: Swinging Strike 1-2: Strikes out looking
|
Top of the 5th over - 0 run(s), 1 hit(s), 0 error(s), 1 left on base; Newark 3 - Wilmington 7 |
BOTTOM OF THE 5TH |
Wilmington Rebels batting - Pitching for Newark Bulldogs : RHP Chris Johns
|
Batting: RHB Juan Jose Mendoza
|
0-0: Foul Ball, location: 2F 0-1: Ball 1-1: Ball 2-1: Ground out 6-3 (Groundball, 6)
|
Batting: RHB Sergio Moreno
|
0-0: Foul Ball, location: 2F 0-1: SINGLE (Flyball, 9S)
|
Batting: RHB Henry Dawson
|
0-0: Ball 1-0: Called Strike 1-1: Foul Ball, location: 2F 1-2: Grounds into double play, 4-6-3 (Groundball, 4)
|
Bottom of the 5th over - 0 run(s), 1 hit(s), 0 error(s), 0 left on base; Newark 3 - Wilmington 7 |
TOP OF THE 6TH |
Newark Bulldogs batting - Pitching for Wilmington Rebels : RHP Kip Brown
|
Batting: LHB Gerardo Guzmán
|
0-0: SINGLE (Line Drive, 8RS)
|
Batting: RHB Wilson Flores
|
0-0: Ball 1-0: SINGLE (Line Drive, 6D) Gerardo Guzmán to second
|
Batting: LHB Gabriel Aragón
|
0-0: Called Strike 0-1: Called Strike 0-2: Foul Ball, location: 2F 0-2: SINGLE (Flyball, 8LS) Gerardo Guzmán to third Wilson Flores to second
|
Batting: RHB Tony Long
|
0-0: Called Strike 0-1: Ball 1-1: Foul Ball, location: 2F 1-2: Foul Ball, location: 2F 1-2: Fly out, F7 (Flyball, 7LM) Runner from 3rd tags up, SCORES, no throw
|
Batting: LHB Wes Stone
|
0-0: 3-RUN HOME RUN (Line Drive, 8RXD), Distance : 416 ft
|
Pitching: RHP Edgar Martínez
|
|
Batting: RHB Norris Howard
|
0-0: SINGLE (Popup, 6D)
|
Batting: LHB Wes Thompson
|
0-0: Swinging Strike 0-1: Swinging Strike 0-2: Ball 1-2: Strikes out looking
|
Batting: RHB Joe Baker
|
0-0: Ball 1-0: Ball 2-0: SINGLE (Line Drive, 8LS) Norris Howard to second Runner from 2nd tries for 3rd, SAFE, throw made to third
|
Batting: RHB Stan Simpson
|
0-0: Ball 1-0: SINGLE (Groundball, 6MD) Norris Howard scores Joe Baker to second
|
Batting: LHB Gerardo Guzmán
|
0-0: Ball 1-0: Ball 2-0: Fly out, F7 (Flyball, 7LMF)
|
Top of the 6th over - 5 run(s), 7 hit(s), 0 error(s), 2 left on base; Newark 8 - Wilmington 7 |
BOTTOM OF THE 6TH |
Wilmington Rebels batting - Pitching for Newark Bulldogs : RHP Chris Johns
|
Batting: RHB Andrew Deal
|
0-0: Ground out 2-3 (Groundball, 15S)
|
Batting: LHB Larry Smith
|
0-0: Ball 1-0: Swinging Strike 1-1: Foul Ball, location: 2F 1-2: Foul Ball, location: 2F 1-2: Ball 2-2: Strikes out looking
|
Batting: LHB Mario Álvarez
|
0-0: Ball 1-0: Ball 2-0: Called Strike 2-1: Ground out U3 (Groundball, 34)
|
Bottom of the 6th over - 0 run(s), 0 hit(s), 0 error(s), 0 left on base; Newark 8 - Wilmington 7 |
TOP OF THE 7TH |
Newark Bulldogs batting - Pitching for Wilmington Rebels : RHP Edgar Martínez
|
Batting: RHB Wilson Flores
|
0-0: Swinging Strike 0-1: Swinging Strike 0-2: Strikes out looking
|
Pitching: LHP Matt Fritz
|
|
Batting: LHB Gabriel Aragón
|
0-0: Called Strike 0-1: Ground out 4-3 (Groundball, 4MS)
|
Pitching: LHP Miguel Valentín
|
|
Batting: RHB Tony Long
|
0-0: Ball 1-0: SOLO HOME RUN (Flyball, 7D), Distance : 381 ft
|
Batting: LHB Wes Stone
|
0-0: Ball 1-0: Ground out 6-3 (Groundball, 6S)
|
Top of the 7th over - 1 run(s), 1 hit(s), 0 error(s), 0 left on base; Newark 9 - Wilmington 7 |
BOTTOM OF THE 7TH |
Wilmington Rebels batting - Pitching for Newark Bulldogs : RHP Chris Johns
|
Batting: RHB Remi Eruzione
|
0-0: Called Strike 0-1: Foul Ball, location: 2F 0-2: Ball 1-2: Ground out 5-3 (Groundball, 5)
|
Pitching: RHP Jim Cook
|
|
Batting: RHB Eugene Allen
|
0-0: Ground out 4-3 (Groundball, 4)
|
Batting: RHB Al Reese
|
0-0: Foul Ball, location: 2F 0-1: Foul Ball, location: 2F 0-2: Ball 1-2: Fly out, F9 (Flyball, 89S)
|
Bottom of the 7th over - 0 run(s), 0 hit(s), 0 error(s), 0 left on base; Newark 9 - Wilmington 7 |
TOP OF THE 8TH |
Newark Bulldogs batting - Pitching for Wilmington Rebels : LHP Miguel Valentín
|
Batting: RHB Norris Howard
|
0-0: Ball 1-0: Ball 2-0: Ball 3-0: Base on Balls
|
Batting: LHB Wes Thompson
|
0-0: Ball Wild Pitch! Norris Howard to second 1-0: Ball 2-0: Ball 3-0: Called Strike 3-1: SINGLE (Groundball, 6MD) Norris Howard to third Runner from 3rd tries for Home, SAFE, no throw
|
Batting: RHB Joe Baker
|
0-0: Grounds into double play, 5-4-3 (Groundball, 5)
|
Batting: RHB Stan Simpson
|
0-0: Foul Ball, location: 2F 0-1: Ball 1-1: Foul Ball, location: 2F 1-2: Ball 2-2: Foul Ball, location: 2F 2-2: Strikes out swinging
|
Top of the 8th over - 1 run(s), 1 hit(s), 0 error(s), 0 left on base; Newark 10 - Wilmington 7 |
BOTTOM OF THE 8TH |
Wilmington Rebels batting - Pitching for Newark Bulldogs : RHP Jim Cook
|
Batting: RHB Juan Jose Mendoza
|
0-0: Called Strike 0-1: Ball 1-1: Ball 2-1: Ground out 5-3 (Groundball, 56)
|
Batting: RHB Sergio Moreno
|
0-0: Ball 1-0: SINGLE (Groundball, 6MD)
|
Batting: RHB Henry Dawson
|
0-0: Fielders Choice at 2nd, 6-4 (Groundball, 6)
|
Batting: RHB Andrew Deal
|
0-0: Called Strike 0-1: Ball 1-1: Ball Pickoff Throw to First - Out!
|
Bottom of the 8th over - 0 run(s), 1 hit(s), 0 error(s), 0 left on base; Newark 10 - Wilmington 7 |
TOP OF THE 9TH |
Newark Bulldogs batting - Pitching for Wilmington Rebels : LHP Miguel Valentín
|
Batting: LHB Gerardo Guzmán
|
0-0: Foul Ball, location: 2F 0-1: Ball 1-1: Called Strike 1-2: Strikes out looking
|
Batting: RHB Wilson Flores
|
0-0: Fly out, F9 (Flyball, 89M)
|
Batting: LHB Gabriel Aragón
|
0-0: Fly out, F8 (Flyball, 8LS)
|
Top of the 9th over - 0 run(s), 0 hit(s), 0 error(s), 0 left on base; Newark 10 - Wilmington 7 |
BOTTOM OF THE 9TH |
Wilmington Rebels batting - Pitching for Newark Bulldogs : RHP Jim Cook
|
Pitching: RHP Bart Brown
|
|
Now at 3B: Juan Martínez
|
|
Batting: RHB Andrew Deal
|
0-0: Called Strike 0-1: Ball 1-1: Ball 2-1: Ball 3-1: Foul Ball, location: 2F 3-2: Foul Ball, location: 2F 3-2: SINGLE (Groundball, 6MD)
|
Batting: LHB Larry Smith
|
0-0: Ball 1-0: Ball 2-0: Ball 3-0: Base on Balls Andrew Deal to second
|
Batting: LHB Mario Álvarez
|
0-0: Ball 1-0: Foul Ball, location: 2F 1-1: Called Strike 1-2: SINGLE (Groundball, 34D) Andrew Deal to third Larry Smith to second
|
Pinch Hitting: RHB Jessie Thompson
|
0-0: Grounds into double play, 4-6-3 (Groundball, 4) Andrew Deal scores Larry Smith to third
|
Pinch Hitting: RHB Víctor Márquez
|
0-0: Ball 1-0: Ball 2-0: Foul Ball, location: 2F 2-1: Ball 3-1: Called Strike 3-2: Strikes out swinging
|
Bottom of the 9th over - 1 run(s), 2 hit(s), 0 error(s), 1 left on base; Newark 10 - Wilmington 8 |
|